 Dungeon Crawl Stone Soup version 0.20.0-10-g0535bb4 (webtiles) character file.

5536 nikopol the Cleaver (level 10, 0/96 HPs)
             Began as a Gargoyle Berserker on June 3, 2017.
             Was a High Priest of Trog.
             Slain by a two-headed ogre
             ... wielding a cursed +0 giant club
              (14 damage)
             ... on level 10 of the Dungeon.
             The game lasted 00:21:48 (9836 turns).

nikopol the Cleaver (Gargoyle Berserker)            Turns: 9836, Time: 00:21:50

Health: 0/96       AC: 17    Str: 27    XL:     10   Next: 71%
Magic:  10/10      EV: 12    Int:  7    God:    Trog [*****.]
Gold:   435        SH:  0    Dex: 12    Spells: 9/9 levels left

rFire    . . .     SeeInvis +   a - +3 broad axe (freeze)
rCold    . . .     Gourm    .   (no shield)
rNeg     + . .     Faith    .   i - +0 scale mail
rPois    ∞         Spirit   .   (no helmet)
rElec    +         Reflect  .   j - +0 cloak
rCorr    .         Harm     .   O - +0 pair of gloves
MR       .....                  (no boots)
Stlth    ..........             F - amulet of regeneration
Regen    0.7/turn               (no ring)
MPRegen  0.2/turn               q - ring of see invisible

@: berserking, very quick
A: negative energy resistance 1, electricity resistance, unbreathing,
petrification resistance, rot immunity, AC +7
a: Berserk, Trog's Hand, Brothers in Arms, Burn Spellbooks, Renounce Religion


You were on level 10 of the Dungeon.
You worshipped Trog.
Trog was extremely pleased with you.
You were not hungry.

You visited 1 branch of the dungeon, and saw 10 of its levels.
You also visited: Sewer.

You collected 435 gold pieces.

Inventory:

Hand Weapons
 a - a +3 broad axe of freezing (weapon)
 z - a +2 arbalest of flaming
 A - a +1 hand axe
Missiles
 J - 9 arrows (quivered)
 K - 35 bolts
Armour
 b - a +0 animal skin
 i - a +0 scale mail (worn)
 j - a +0 cloak (worn)
 O - a +0 pair of gloves (worn)
Jewellery
 p - an uncursed ring of stealth {unknown}
 q - a ring of see invisible (right hand)
 F - an amulet of regeneration (around neck)
Wands
 t - a wand of random effects (27/48)
 y - a wand of acid (5/15)
 C - a wand of lightning (6/15)
 G - a wand of flame (34/48)
 I - a wand of iceblast (7/15)
 L - a wand of lightning (10/15)
 P - a wand of iceblast (7/15)
 Q - a wand of lightning (3/15)
 R - a wand of iceblast (8/15)
 S - a wand of confusion (16/48)
Scrolls
 d - 7 scrolls of remove curse
 e - 4 scrolls of enchant weapon
 g - 5 scrolls of identify
 m - a scroll of blinking {unknown}
 u - 3 scrolls of teleportation {unknown}
 w - 3 scrolls of magic mapping {unknown}
 B - 5 scrolls of fog
 D - a scroll of noise {unknown}
 E - a scroll of enchant armour {unknown}
 H - a scroll of fear {unknown}
 N - a scroll of vulnerability {unknown}
 U - a scroll of amnesia {unknown}
Potions
 f - 2 potions of magic
 h - 5 potions of curing
 o - 2 potions of brilliance
 r - a potion of agility
 s - 4 potions of flight
 v - 2 potions of mutation {unknown}
 x - 2 potions of haste
 M - a potion of invisibility {unknown}
Comestibles
 c - 4 bread rations
 k - 10 royal jellies
 l - 11 meat rations
 n - 12 fruits
 T - 9 chunks of flesh


   Skills:
 + Level 8.1 Fighting
 + Level 10.4 Axes
 + Level 3.1 Crossbows
 + Level 7.0 Armour
 + Level 4.5 Dodging
 + Level 1.7 Stealth


You had 9 spell levels left.
You didn't know any spells.

Dungeon Overview and Level Annotations

Branches:
Dungeon (10/15)            Temple (0/1) D:4            Lair (0/6) D:9
    Orc: D:9-12

Altars:
Cheibriados
Dithmenos
Fedhas
Gozag
Qazlal
Sif Muna
Trog
Uskayaw
Yredelemnul

Shops:
D:7 (   D:10 [


Innate Abilities, Weirdness & Mutations

You are resistant to torment.
Your stone body is resilient. (AC +7)
You are immune to poison.
You resist negative energy. (rN+)
You are resistant to electric shocks. (rElec)
You can survive without breathing.
You are immune to petrification.
You are immune to rotting.


Message History

Wield which item (- for none, * to show all)? (? for menu, Esc to quit)
Your +2 arbalest of flaming stops flaming.
Your +3 broad axe of freezing glows with a cold blue light!
a - a +3 broad axe of freezing (weapon)
You barely miss the two-headed ogre.
The two-headed ogre is severely wounded.
The two-headed ogre hits you with a giant club!
The two-headed ogre hits you with a giant spiked club!!
* * * LOW HITPOINT WARNING * * *
A red film seems to cover your vision as you go berserk!
You feel yourself moving faster!
You feel mighty!
You feel a lot more hungry.
The two-headed ogre hits you with a giant club!
* * * LOW HITPOINT WARNING * * *
The two-headed ogre closely misses you.
You slash the two-headed ogre! You freeze the two-headed ogre.
The two-headed ogre is almost dead.
Your scale mail prevents you from hitting the two-headed ogre.
The two-headed ogre is almost dead.
The two-headed ogre hits you with a giant club!
You die...

#...#...... #...'......
.###### #...#......
....... #...#......
....... #...#######
...(... #..........
.....(.#######..........
###
...........(............
...
.......@O(##'##'####....
###
#####.....#........#.###
#.....#........# '
#(....#........# .
......(#........# .(
.(......########## ..
.....(..( .. #......####
..


You could see a two-headed ogre.

Vanquished Creatures
  An ugly thing (D:9)
  A komodo dragon (D:9)
  A troll (D:9)
  A hornet (D:8)
  The ghost of nikopol the Skirmisher, an amateur GrBe of Trog (D:3)
  2 soldier ants (D:8)
  Duvessa (D:4)
  An orc warrior (D:9)
  2 ice beasts
  A black bear (D:10)
  2 phantoms
  2 sky beasts
  A necrophage (D:5)
  2 ogres
  2 big kobolds
  7 bullfrogs
  2 gnoll sergeants
  Dowan (D:4)
  5 scorpions
  5 killer bees
  An electric eel (D:8)
  2 howler monkeys
  4 wights (D:8)
  A bullfrog zombie (D:8)
  A lava snake (D:8)
  3 crimson imps
  A hound (D:4)
  A quasit (D:6)
  2 bullfrog skeletons
  An orc priest (D:9)
  2 centaur skeletons
  3 jellies
  13 orc wizards
  3 iguanas
  Ijyb (D:3)
  6 worker ants
  2 hound zombies
  A howler monkey zombie (D:4)
  10 gnolls
  2 river rats (Sewer)
  18 adders
  A shadow imp (D:8)
  2 oozes
  3 worms (D:2)
  A dart slug (D:3)
  8 leopard geckos
  26 orcs
  2 ball pythons
  10 giant cockroaches
  9 goblins
  4 hobgoblins
  9 jackals
  6 quokkas
  7 bats
  8 frilled lizards
  20 kobolds
  2 leopard gecko zombies
  4 quokka skeletons
  A quokka zombie (D:9)
  10 rats
252 creatures vanquished.

Vanquished Creatures (others)
  4 plants (D:9)
4 creatures vanquished.

Grand Total: 256 creatures vanquished

Notes
Turn   | Place    | Note
-------+----------+-------------------------------------------
     0 | D:1      | nikopol the Gargoyle Berserker began the quest for the Orb.
     0 | D:1      | Reached XP level 1. HP: 14/14 MP: 1/1
   105 | D:1      | Reached XP level 2. HP: 12/19 MP: 2/2
   721 | D:1      | You fall through a shaft!
   777 | D:2      | Reached skill level 3 in Axes
   777 | D:2      | Reached XP level 3. HP: 18/24 MP: 3/3
  1004 | D:2      | Reached ** piety under Trog
  1485 | D:2      | Reached XP level 4. HP: 22/29 MP: 4/4
  2338 | D:3      | Found a faded altar of an unknown god.
  2338 | D:3      | Noticed nikopol's ghost (amateur GrBe)
  2355 | D:3      | Killed nikopol's ghost
  2355 | D:3      | Reached skill level 4 in Axes
  2355 | D:3      | Reached XP level 5. HP: 18/34 MP: 5/5
  2558 | D:3      | Reached XP level 6. HP: 29/39 MP: 6/6
  2688 | D:3      | Found a faded altar of an unknown god.
  2688 | D:3      | Found a faded altar of an unknown god.
  2693 | D:3      | Found a basalt altar of Yredelemnul.
  2695 | D:3      | Found a blossoming altar of Fedhas.
  2696 | D:3      | Found a bloodstained altar of Trog.
  2786 | D:3      | Found a glowing drain.
  2795 | D:3      | Reached *** piety under Trog
  2810 | Sewer    | Entered a sewer
  2827 | Sewer    | Received a gift from Trog
  3004 | Sewer    | Reached skill level 5 in Axes
  3041 | Sewer    | Found a white marble altar of Elyvilon.
  3444 | D:4      | Noticed Ijyb
  3461 | D:4      | Noticed Duvessa
  3484 | D:3      | Killed Ijyb
  3484 | D:3      | Reached XP level 7. HP: 35/44 MP: 7/7
  3551 | D:4      | Noticed Dowan
  3561 | D:4      | Killed Duvessa
  3561 | D:4      | Reached skill level 5 in Fighting
  3564 | D:4      | Killed Dowan
  3836 | D:4      | Reached skill level 6 in Axes
  4180 | D:4      | Found a staircase to the Ecumenical Temple.
  4407 | D:4      | Reached XP level 8. HP: 44/50 MP: 8/8
  4828 | D:5      | Entered Level 5 of the Dungeon
  4846 | D:5      | Found a shadowy altar of Dithmenos.
  5127 | D:5      | Found a hide-covered altar of Uskayaw.
  5127 | D:5      | Noticed a hand axe
  5127 | D:5      | Noticed a hand axe
  5397 | D:6      | Reached skill level 7 in Axes
  5409 | D:6      | Reached **** piety under Trog
  5519 | D:6      | Reached skill level 5 in Armour
  6121 | D:6      | Reached XP level 9. HP: 55/55 MP: 9/9
  6156 | D:7      | Reached skill level 8 in Axes
  6193 | D:7      | Found Ziukev's Weapon Shop.
  6273 | D:7      | Found a stormy altar of Qazlal.
  6510 | D:7      | Found a deep blue altar of Sif Muna.
  6774 | D:7      | Reached skill level 1 in Stealth
  7018 | D:7      | Reached ***** piety under Trog
  7331 | D:8      | Found a bloodstained altar of Trog.
  7371 | D:8      | Reached skill level 9 in Axes
  7661 | D:8      | Noticed a hornet
  7665 | D:8      | Killed a hornet
  7679 | D:8      | Reached XP level 10. HP: 51/63 MP: 10/10
  7769 | D:8      | Received a gift from Trog
  8059 | D:8      | Found a snail-covered altar of Cheibriados.
  8060 | D:8      | Found an opulent altar of Gozag.
  8422 | D:9      | Reached skill level 10 in Axes
  8523 | D:9      | Reached skill level 1 in Crossbows
  8685 | D:9      | Found a staircase to the Lair.
  9256 | D:9      | Noticed a red ugly thing
  9270 | D:9      | Killed a red ugly thing
  9490 | D:10     | Entered Level 10 of the Dungeon
  9641 | D:10     | Found Wiunko Ynooc's Armour Boutique.
  9830 | D:10     | Noticed a two-headed ogre
  9836 | D:10     | Slain by a two-headed ogre

Skill      XL: |  1  2  3  4  5  6  7  8  9 10 |
---------------+-------------------------------+-----
Fighting       | 4 5 6 7 8 |  8.1
Axes           | 3 4 5 6 7 9 10 | 10.4
Armour         | 3 4 5 6 7 |  7.0
Dodging        | 2 3 4 |  4.5
Stealth        | 1 |  1.7
Crossbows      | 3 |  3.1

Action                   |  1- 3 |  4- 6 |  7- 9 | 10-12 || total
-------------------------+-------+-------+-------+-------++-------
Melee: Hand axe          |   171 |   217 |   252 |       ||   640
       Broad axe         |       |       |   165 |   106 ||   271
 Fire: Arbalest          |       |       |       |    62 ||    62
Invok: Berserk           |     1 |     1 |     3 |     4 ||     9
  Use: Scroll            |       |     4 |     8 |       ||    12
  Eat: Chunk             |     3 |     8 |    15 |     7 ||    33
       Fruit             |       |       |     1 |       ||     1
       Bread ration      |       |       |       |     1 ||     1
Armor: Animal skin       |    24 |       |       |       ||    24
       Scale mail        |    45 |   118 |   262 |    83 ||   508
Dodge: Dodged            |   105 |   130 |   257 |    98 ||   590
